 Dungeon Crawl Stone Soup version 0.18-a0-1805-g8ab820f (webtiles) character file.

8634 esc the Skirmisher (level 11, -8/94 HPs)
             Began as a Yellow Draconian Transmuter on Apr 25, 2016.
             Was a High Priest of Vehumet.
             Mangled by Snorg (12 damage)
             ... on level 10 of the Dungeon.
             The game lasted 01:37:11 (12863 turns).

esc the Skirmisher (Yellow Draconian Transmuter)   Turns: 12863, Time: 01:37:12

Health: -8/94      AC: 15    Str: 13    XL:     11   Next: 12%
Magic:  20/21      EV: 15    Int: 17    God:    Vehumet [*****.]
Gold:   269        SH:  0    Dex: 11    Spells: 5 memorised, 10 levels left

rFire  . . .     SeeInvis .       - Unarmed
rCold  + . .     Gourm    .     (armour unavailable)
rNeg   . . .     Faith    .     (shield currently unavailable)
rPois  .         Spirit   .     h - +1 hat
rElec  .         Dismiss  .     z - +0 cloak
rCorr  +         Reflect  .     (gloves currently unavailable)
SustAt .         Harm     .     (no boots)
MR     .....                    A - amulet of magic regeneration
Stlth  +.........               w - ring of wizardry {Wiz+, !d}
                                n - ring of protection from cold {rC+, !d}

@: icy armour, blade hands, slow, not resistant to hostile enchantments, very
unstealthy
A: spit acid, acid resistance, unfitting armour, cold-blooded, AC +7
a: Spit Acid, End Transformation, Renounce Religion


You were on level 10 of the Dungeon.
You worshipped Vehumet.
Vehumet was extremely pleased with you.
You were hungry.
You had blades for hands.
You visited 1 branch of the dungeon, and saw 10 of its levels.
You also visited: Sewer.

You collected 455 gold pieces.
You spent 186 gold pieces at shops.

Inventory:

Hand Weapons
 y - a +0 blowgun
   (You took it off a kobold on level 6 of the Dungeon)
Missiles
 a - 116 arrows
 e - 74 poisoned needles
 g - 355 stones
 j - a throwing net {=f, !d}
 r - 16 tomahawks (quivered)
Armour
 h - a +1 hat (worn)
   (You found it on level 1 of the Dungeon)
 z - a +0 cloak (worn)
   (You bought it in a shop on level 8 of the Dungeon)
Magical Staves
 i - an uncursed staff of conjuration {!a}
   (You found it on level 8 of the Dungeon)
Rods
 d - a +0 rod of ignition (9/9) {!a}
   (You found it on level 3 of the Dungeon)
Jewellery
 n - a ring of protection from cold (left scythe-like blade) {rC+, !d}
   (You found it on level 4 of the Dungeon)
 w - a ring of wizardry (right scythe-like blade) {Wiz+, !d}
   (You found it on level 7 of the Dungeon)
 A - an amulet of magic regeneration (around neck)
   (You found it on level 7 of the Dungeon)
Wands
 l - a wand of confusion (23/48)
   (You found it on level 5 of the Dungeon)
 C - a wand of flame (15/48)
   (You found it on level 8 of the Dungeon)
Scrolls
 k - a scroll of fear
 p - 4 scrolls of remove curse
 q - 4 scrolls of enchant weapon
 s - 4 scrolls of teleportation
 v - a scroll of blinking {!r}
 D - 3 scrolls of identify
 G - a scroll of enchant armour
Potions
 f - 8 potions of flight
 t - 2 potions of resistance
 u - a potion of lignification {!q}
 B - a potion of magic
 F - 3 potions of brilliance
Books
 b - a book of Changes
 o - a book of Frost
   (You found it on level 7 of the Dungeon)
Comestibles
 c - 2 bread rations {@e1}


   Skills:
 + Level 7.9 Fighting
 + Level 7.1 Dodging
 + Level 7.8 Unarmed Combat
 + Level 7.2 Spellcasting
 - Level 2.6 Charms
 + Level 7.7 Transmutations
 - Level 4.1 Ice Magic


You had 10 spell levels left.
You knew the following spells:

 Your Spells              Type           Power        Failure   Level  Hunger
a - Beastly Appendage     Trmt           ####..       4%          1    None
b - Freeze                Ice            ###.         3%          1    None
c - Ice Form              Ice/Trmt       ####....     22%         4    ####...
x - Blade Hands           Trmt           ####......   26%         5    #####..
A - Ozocubu's Armour      Chrm/Ice       ###.....     21%         3    ##.....


Dungeon Overview and Level Annotations

Branches:
Dungeon (10/15)            Temple (0/1) D:4             Orc (0/2) D:9
   Lair: D:8-11

Altars:
Ashenzari
Dithmenos
Fedhas
Gozag
Kikubaaqudgha
Okawaru
Ru
Sif Muna
Trog
Vehumet
Xom
Yredelemnul
Zin
Beogh

Shops:
D:4 *   D:8 *[

Annotations:
D:5 Sl000nik's ghost, novice GrFi
D:10 Joseph; Snorg


Innate Abilities, Weirdness & Mutations

You can spit globs of acid.
You are resistant to acid.
Your golden yellow scales are hard (AC +7).
Your body does not fit into most forms of armour.
You are cold-blooded and may be slowed by cold attacks.


Message History

There is an open door here.
Items here: )))) [[ † You butcher the orc corpse.
m - 20 chunks of flesh {@w0} (gained 1)
There is an open door here.
Items here: )))) [[ a dagger; a robe; a flail x2; a short sword; a chain mail You are feeling hungry.
You now have 269 gold pieces (gained 16).
Drink which item? (? for menu, Esc to quit)
Okay, then.
Okay, then.
You start resting.
Eating one of 20 chunks of flesh {@w0}.
You continue eating. x2
Your transformation is almost over.
You regained 5 hp, and now have 37/112 hp.
You start resting.
Your extra speed is starting to run out.
You start resting.
You feel yourself slow down.
You regained 2 hp, and now have 39/112 hp.
You start resting.
You warm up again.
Your +0 cloak unmelds from your body.
Your +1 hat unmelds from your body.
You now have 32/94 hp.
You start resting.
Some of the chunks of flesh in your inventory have rotted away.
Your magical contamination has completely faded away.
You regained 12 hp, and now have 44/94 hp.
You start resting.
Some of the chunks of flesh in your inventory have rotted away.
All of the chunks of flesh in your inventory have rotted away.
Health restored: 94 You are feeling hungry.
Unknown command.
You open the door.
There is an open door here.
You open the door.
A hill giant and Snorg come into view.
Snorg shouts!
The hill giant shouts!
Okay, then.
Unknown command.
Drink which item? (? for menu, Esc to quit)
Okay, then.
A film of ice covers your body!
You now have 18/21 mp.
Your hands turn into razor-sharp scythe blades.
A worker ant and Joseph come into view.
You now have 13/21 mp.
Joseph shouts!
The worker ant twitches its antennae in your direction.
You slash the hill giant! You tail-slap the hill giant.
The worker ant moves out of view.
The hill giant closely misses you.
Joseph drinks a potion.
Joseph suddenly seems more agile.
You hit the hill giant. You slash the hill giant!
You tail-slap the hill giant, but do no damage.
The hill giant barely misses you.
You slash the hill giant!
Your tail-slap misses the hill giant.
The hill giant hits you but does no damage.
You slice the hill giant!!
You kill the hill giant!
Vehumet accepts your kill.
You feel your power returning.
Joseph unwields an uncursed quarterstaff of crushing.
Joseph wields a runed hunting sling.
It is covered in frost.
Joseph shoots a sling bullet.
The sling bullet barely misses you.
You regained 2 mp, and now have 17/21 mp.
You hit Snorg.
Snorg goes berserk!
You slash Snorg!
Your tail-slap misses Snorg.
Snorg bites you! Snorg closely misses you. Snorg claws you!
You take 32 damage, and have 62/94 hp.
MASSIVE DAMAGE!!
You slice Snorg!! Snorg bites you but does no damage.
Snorg claws you but does no damage. Snorg claws you.
Joseph shouts, "At last, some action!"
You take 6 damage, and have 56/94 hp.
You slice Snorg!! Snorg bites you but does no damage. Snorg misses you.
Snorg claws you.
You take 3 damage, and have 53/94 hp.
You hit Snorg but do no damage. Snorg bites you but does no damage.
Snorg barely misses you. Snorg misses you. Snorg bites you.
Snorg claws you but does no damage. Snorg claws you.
Joseph sighs, "Being a guard is usually so boring..."
You take 4 damage, and have 49/94 hp.
You slash Snorg!
Snorg misses you. x2; Snorg closely misses you.
You slash Snorg!
Your tail-slap misses Snorg.
Snorg barely misses you. Snorg closely misses you. Snorg claws you!
You take 15 damage, and have 34/94 hp.
You slice Snorg!! Snorg closely misses you. Snorg claws you!
* * * LOW HITPOINT WARNING * * *
Snorg completely misses you.
You take 17 damage, and have 17/94 hp.
Unknown command.
You hit Snorg. Snorg bites you!
* * * LOW HITPOINT WARNING * * *
Snorg closely misses you. Snorg claws you!
You die...

#.........# #.>.......
#.........#########.........
#.................+......>..
#.........#########.........
########.### #.........
#...# #......... ###.##
####+##### #..# ##@# #T# @a.
|...# .....+ ......#
.......# #########


You could see Snorg (berserk), Joseph and a worker ant.

Vanquished Creatures
  Erica (D:8)
  2 hill giants
  A gargoyle (D:9)
  A wyvern (D:10)
  11 yaks
  A hungry ghost (D:7)
  3 ice beasts
  2 phantoms
  2 sky beasts
  A black bear (D:9)
  8 orc warriors
  A necrophage (D:8)
  3 ogres
  3 centaurs
  2 big kobolds
  A crocodile (D:7)
  5 giant frogs
  A gnoll sergeant (D:10)
  2 wyvern zombies
  A wyvern skeleton (D:9)
  A scorpion (D:7)
  A water moccasin skeleton (D:5)
  3 jellies
  5 killer bees (D:8)
  4 wights (D:9)
  2 howler monkeys (D:9)
  2 crimson imps (D:7)
  3 centaur zombies
  A giant frog zombie (D:7)
  3 hounds
  A giant frog skeleton (D:9)
  7 orc priests
  6 orc wizards
  An iguana (D:9)
  10 worker ants
  A killer bee zombie (D:6)
  A hound zombie (D:7)
  2 hound skeletons
  A mummy (D:7)
  A worker ant zombie (D:9)
  3 gnolls (D:10)
  15 adders
  6 shadow imps
  5 oozes
  2 adder zombies
  5 worms
  3 dart slugs
  8 giant geckos
  43 orcs
  3 ball pythons
  6 giant cockroaches
  7 hobgoblins
  14 jackals
  4 quokkas
  17 bats
  7 giant newts
  6 goblins
  2 hobgoblin zombies (D:7)
  19 kobolds
  A kobold zombie (D:7)
  An orc zombie (D:7)
  11 rats
296 creatures vanquished.

Vanquished Creatures (others)
  An orc (D:8)
1 creature vanquished.

Grand Total: 297 creatures vanquished

Notes
Turn   | Place    | Note
--------------------------------------------------------------
     0 | D:1      | esc the Draconian Transmuter began the quest for the Orb.
     0 | D:1      | Reached XP level 1. HP: 16/16 MP: 3/3
   260 | D:1      | Reached XP level 2. HP: 21/23 MP: 5/5
   265 | D:1      | Reached skill level 2 in Dodging
   969 | D:2      | Reached XP level 3. HP: 29/29 MP: 6/6
  1346 | D:2      | Noticed a moth of wrath
  1348 | D:2      | Found a bloodstained altar of Trog.
  1600 | D:2      | Reached skill level 2 in Fighting
  2135 | D:3      | HP: 6/29 [centaur zombie (2)]
  2146 | D:3      | HP: 3/29 [centaur zombie (4)]
  2153 | D:3      | Reached XP level 4. HP: 31/37 MP: 7/7
  2337 | D:3      | Found an iron altar of Okawaru.
  2346 | D:3      | Found a shadowy altar of Dithmenos.
  2348 | D:3      | Found a basalt altar of Yredelemnul.
  2348 | D:3      | Found a sacrificial altar of Ru.
  2348 | D:3      | Found a radiant altar of Vehumet.
  2349 | D:3      | Found a bloodstained altar of Trog.
  2356 | D:3      | Found an opulent altar of Gozag.
  2358 | D:3      | Found a blossoming altar of Fedhas.
  2359 | D:3      | Found a shimmering altar of Xom.
  2383 | D:3      | Became a worshipper of Vehumet
  2565 | D:3      | Reached skill level 3 in Dodging
  2588 | D:3      | Reached XP level 5. HP: 42/42 MP: 6/8
  2985 | D:3      | HP: 10/42 [poisoned by an adder]
  2990 | D:3      | HP: 9/42 [poisoned by an adder]
  2997 | D:3      | HP: 8/42 [poisoned by an adder]
  3005 | D:3      | HP: 7/42 [poisoned by an adder]
  3289 | D:3      | Identified a +0 rod of ignition (9/9) (You found it on level 3 of the Dungeon)
  3490 | D:4      | Found Izanoic's General Store.
  3529 | D:4      | Bought a scroll of teleportation for 30 gold pieces
  3529 | D:4      | Bought a scroll of remove curse for 30 gold pieces
  3631 | D:4      | Reached * piety under Vehumet
  3631 | D:4      | Offered knowledge of Sandblast by Vehumet.
  3635 | D:4      | Found a glowing drain.
  3648 | D:4      | Reached skill level 3 in Spellcasting
  3669 | Sewer    | Entered a sewer
  4088 | Sewer    | Reached XP level 6. HP: 41/50 MP: 8/10
  4090 | Sewer    | Reached skill level 3 in Transmutations
  4590 | D:4      | Found a staircase to the Ecumenical Temple.
  4609 | D:4      | Reached skill level 3 in Fighting
  4609 | D:4      | Reached skill level 4 in Unarmed Combat
  5049 | D:5      | Entered Level 5 of the Dungeon
  5115 | D:5      | Noticed Sl000nik's ghost (novice GrFi)
  5209 | D:5      | Your scales start taking on a golden yellow colour.
  5209 | D:5      | Reached XP level 7. HP: 55/57 MP: 12/12
  5756 | D:6      | Reached skill level 4 in Dodging
  5778 | D:6      | HP: 13/57 [big kobold/dagger (2)]
  5783 | D:6      | Reached skill level 4 in Spellcasting
  5784 | D:6      | Reached ** piety under Vehumet
  5784 | D:6      | Offered knowledge of Freeze by Vehumet.
  5786 | D:6      | HP: 11/58 [kobold/stone (3)]
  5816 | D:6      | Learned a level 1 spell: Freeze
  6035 | D:6      | Reached skill level 4 in Transmutations
  6118 | D:6      | Reached skill level 4 in Fighting
  6285 | D:6      | Gained mutation: Scrolls take you a little longer to read. [mutagenic meat]
  6286 | D:6      | Gained mutation: Scrolls take you longer to read. [mutagenic meat]
  6288 | D:6      | Gained mutation: You are weak. (Str -2) [mutagenic meat]
  6291 | D:6      | Lost mutation: You are weak. (Str -2) [potion of cure mutation]
  6291 | D:6      | Lost mutation: Scrolls take you longer to read. [potion of cure mutation]
  6291 | D:6      | Lost mutation: Scrolls take you a little longer to read. [potion of cure mutation]
  6359 | D:6      | Reached XP level 8. HP: 30/66 MP: 14/14
  6572 | D:6      | Found a shattered altar of Ashenzari.
  6674 | D:6      | Reached skill level 5 in Unarmed Combat
  7327 | D:7      | Reached skill level 1 in Ice Magic
  7371 | D:7      | Reached skill level 2 in Ice Magic
  7518 | D:7      | Learned a level 3 spell: Ozocubu's Armour
  7525 | D:7      | Offered knowledge of Inner Flame by Vehumet.
  7525 | D:7      | Reached skill level 3 in Ice Magic
  7540 | D:7      | Learned a level 4 spell: Ice Form
  7788 | D:7      | Reached skill level 5 in Dodging
  7887 | D:7      | Reached *** piety under Vehumet
  7992 | D:7      | Reached skill level 5 in Spellcasting
  7992 | D:7      | Reached skill level 1 in Charms
  8008 | D:7      | Reached skill level 5 in Fighting
  8008 | D:7      | Reached skill level 5 in Transmutations
  8147 | D:7      | Reached XP level 9. HP: 74/74 MP: 16/16
  8355 | D:8      | Noticed Erica
  8373 | D:8      | HP: 10/74 [Erica/scimitar of flaming (12)]
  8373 | D:8      | HP: 4/74 [Erica/scimitar of flaming (6)]
  8379 | D:8      | Killed Erica
  8379 | D:8      | Reached skill level 2 in Charms
  8460 | D:8      | Found Vyus Teawn's Antique Armour Emporium.
  8468 | D:8      | Bought a cloak for 126 gold pieces
  8539 | D:8      | Reached skill level 6 in Unarmed Combat
  8544 | D:8      | Reached skill level 4 in Ice Magic
  8602 | D:8      | Offered knowledge of Force Lance by Vehumet.
  8634 | D:8      | Found Coutant's General Store.
  8959 | D:8      | Found a glowing silver altar of Zin.
  9073 | D:8      | Reached skill level 6 in Fighting
  9324 | D:8      | Reached skill level 6 in Transmutations
  9424 | D:8      | Reached skill level 6 in Dodging
  9427 | D:8      | Reached XP level 10. HP: 84/84 MP: 16/18
  9431 | D:8      | Reached skill level 6 in Spellcasting
  9473 | D:8      | Found an ancient bone altar of Kikubaaqudgha.
  9573 | D:9      | Reached **** piety under Vehumet
  9663 | D:9      | Noticed a hill giant
  9690 | D:9      | Killed a hill giant
  9778 | D:9      | HP: 12/84 [orc warrior/flail (12)]
  9782 | D:9      | HP: 4/84 [orc warrior/flail (9)]
  9792 | D:9      | HP: 16/84 [orc warrior/flail (20)]
  9830 | D:9      | Noticed a gargoyle
 10105 | D:9      | HP: 24/100 [black bear (3)]
 10453 | D:9      | Reached skill level 7 in Unarmed Combat
 10465 | D:9      | Killed a gargoyle
 10465 | D:9      | Reached skill level 7 in Fighting
 10508 | D:9      | HP: 24/103 [orc warrior/war axe (13)]
 10518 | D:9      | HP: 23/103 [orc priest/dagger (1)]
 10519 | D:9      | HP: 9/103 [orc priest/divine providence (14)]
 10639 | D:9      | Reached skill level 7 in Transmutations
 10642 | D:9      | HP: 22/103 [something (5)]
 10935 | D:9      | Offered knowledge of Lee's Rapid Deconstruction by Vehumet.
 10945 | D:9      | Learned a level 5 spell: Blade Hands
 11323 | D:9      | Reached skill level 7 in Spellcasting
 11603 | D:9      | Found a deep blue altar of Sif Muna.
 11719 | D:9      | Reached skill level 7 in Dodging
 11824 | D:9      | Found a staircase to the Orcish Mines.
 11825 | D:9      | Found a roughly hewn altar of Beogh.
 12016 | D:9      | HP: 21/88 [ogre/giant club (11)]
 12276 | D:9      | Reached XP level 11. HP: 66/93 MP: 21/21
 12383 | D:10     | Entered Level 10 of the Dungeon
 12467 | D:10     | Reached ***** piety under Vehumet
 12524 | D:10     | Offered knowledge of Ozocubu's Refrigeration by Vehumet.
 12847 | D:10     | Noticed Snorg
 12847 | D:10     | Noticed a hill giant
 12850 | D:10     | Noticed Joseph
 12854 | D:10     | Killed a hill giant
 12862 | D:10     | HP: 17/94 [Snorg (17)]
 12863 | D:10     | HP: 4/94 [Snorg (13)]
 12863 | D:10     | Mangled by Snorg

Vault maps used:
D:1:      lightli_arrival_statuegarden, minmay_misc_feat_more_columns,
          st_stairs_7
D:2:      first_bread, minivault_26, tgw_trog
D:3:      minitemple
D:4:      minmay_temple_entry_junction, gup_sewer_entry_pipe, serial_shops,
          nicolae_shop_temple_entry_statues_fountains
D:5:      minmay_misc_feat_encased, corexii_shack, minmay_misc_feat_five,
          uniq_prince_ribbit1, uniq_menkaure, uniq_edmund, uniq_pikel
D:6:      evilmike_ruin_ashenzari
D:7:      serial_co_window_serial, co_window_paths_a, co_window_paths_a,
          co_window_corner_a, co_window_corner_a, co_window_paths_b,
          co_window_2corner, co_window_unsneaky_path_d, co_window_2corner,
          co_window_4corner_b, glass_columns_b, glass_columns_b,
          glass_columns_b, glass_columns_a, minmay_mini_ossuary
D:8:      zin_treasury, kiku_gazebo_pond_becter, serial_shops,
          kennysheep_mini_moat, shop, uniq_erica
D:9:      minmay_curly_fans, lemuel_round_altar, david_orc_5
D:10:     uniq_joseph, uniq_snorg, uniq_grum
Sewer:    sewer_fruit_machine

Skill      XL: |  1  2  3  4  5  6  7  8  9 10 |
---------------+-------------------------------+-----
Dodging        | 2 3 4 5 6 7 |  7.1
Fighting       | 2 3 4 5 6 7 |  7.9
Spellcasting   | 3 4 5 7 |  7.2
Transmutations | 3 4 5 6 7 |  7.7
Unarmed Combat | 4 5 6 7 |  7.8
Ice Magic      | 3 4 |  4.1
Charms         | 1 2 |  2.6

Action                   |  1- 3 |  4- 6 |  7- 9 | 10-12 || total
-------------------------+-------+-------+-------+-------++-------
Melee: Unarmed           |   174 |   370 |   515 |   375 ||  1434
       Tailslap          |    15 |    32 |    58 |    20 ||   125
       Punch             |     2 |     6 |    11 |     7 ||    26
       Kick              |     3 |    20 |    51 |     8 ||    82
       Headbutt          |     1 |    27 |    26 |     5 ||    59
 Fire: Blowgun           |       |       |     1 |       ||     1
Throw: Stone             |     2 |     8 |       |       ||    10
       Tomahawk          |       |     5 |     2 |     4 ||    11
 Cast: Beastly Appendage |     4 |    29 |    36 |     7 ||    76
       Freeze            |       |       |    32 |     3 ||    35
       Ozocubu's Armour  |       |       |    15 |    11 ||    26
       Ice Form          |       |       |     4 |    12 ||    16
       Blade Hands       |       |       |       |     1 ||     1
 Abil: Spit Acid         |       |       |    14 |     9 ||    23
       End Transformatio |       |       |     1 |       ||     1
  Use: Scroll            |     6 |     9 |     7 |     1 ||    23
       Potion            |     1 |     4 |     4 |     2 ||    11
 Stab: Sleeping          |     1 |     1 |     1 |       ||     3
       Invisible         |       |       |     7 |       ||     7
  Eat: Chunk             |     2 |     9 |    12 |    13 ||    36
       Beef jerky        |     1 |       |       |       ||     1
       Fruit             |       |     2 |       |       ||     2
       Meat ration       |       |       |     3 |       ||     3
       Royal jelly       |       |       |     1 |       ||     1
       Pizza             |       |       |     1 |       ||     1
       Bread ration      |       |       |     2 |       ||     2
Armor: Skin              |    47 |   134 |   176 |    83 ||   440
Dodge: Dodged            |   121 |   281 |   365 |   173 ||   940

Vault maps used:
D:1:      lightli_arrival_statuegarden, minmay_misc_feat_more_columns,
          st_stairs_7
D:2:      first_bread, minivault_26, tgw_trog
D:3:      minitemple
D:4:      minmay_temple_entry_junction, gup_sewer_entry_pipe, serial_shops,
          nicolae_shop_temple_entry_statues_fountains
D:5:      minmay_misc_feat_encased, corexii_shack, minmay_misc_feat_five,
          uniq_prince_ribbit1, uniq_menkaure, uniq_edmund, uniq_pikel
D:6:      evilmike_ruin_ashenzari
D:7:      serial_co_window_serial, co_window_paths_a, co_window_paths_a,
          co_window_corner_a, co_window_corner_a, co_window_paths_b,
          co_window_2corner, co_window_unsneaky_path_d, co_window_2corner,
          co_window_4corner_b, glass_columns_b, glass_columns_b,
          glass_columns_b, glass_columns_a, minmay_mini_ossuary
D:8:      zin_treasury, kiku_gazebo_pond_becter, serial_shops,
          kennysheep_mini_moat, shop, uniq_erica
D:9:      minmay_curly_fans, lemuel_round_altar, david_orc_5
D:10:     uniq_joseph, uniq_snorg, uniq_grum
Sewer:    sewer_fruit_machine

Table legend:
 A = Turns spent in this place as a percentage of turns spent in the entire game.
 B = Non-inter-level travel turns spent in this place as a percentage of non-inter-level travel turns spent in the entire game.
 C = Inter-level travel turns spent in this place as a percentage of turns spent in this place.
 D = Turns resting spent in this place as a percentage of non-inter-level travel turns spent in this place.
 E = Turns spent auto-exploring this place as a percentage of non-inter-level travel turns spent in this place.
 F = Non-inter-level travel turns spent in this place divided by the number of levels of this place that you've seen.
                   A       B       C       D       E      F
               +-------+-------+-------+-------+-------+----------------------
         Total | 100.0 | 100.0 |   0.4 |   4.3 |   5.5 | 368.2
       Dungeon |  93.7 |  93.6 |   0.4 |   4.4 |   5.6 | 379.2
         Sewer |   6.3 |   6.4 |   0.0 |   3.5 |   3.9 | 258.0
               +-------+-------+-------+-------+-------+----------------------

Table legend:
 A = Kills in this place as a percentage of kills in entire the game.
 B = Kills by you in this place as a percentage of kills by you in the entire game.
 C = Kills by friends in this place as a percentage of kills by friends in the entire game.
 D = Other kills in this place as a percentage of other kills in the entire game.
 E = Experience gained in this place as a percentage of experience gained in the entire game.
 F = Experience gained in this place divided by the number of levels of this place that you have seen.
                   A       B       C       D       E      F
               +-------+-------+-------+-------+-------+----------------------
         Total | 100.0 | 100.0 |  -nan |  -nan | 100.0 | 1121.4
       Dungeon |  91.6 |  91.6 |  -nan |  -nan |  99.4 | 1226.6
         Sewer |   8.4 |   8.4 |  -nan |  -nan |   0.6 |  69.0
               +-------+-------+-------+-------+-------+----------------------
